 Dungeon Crawl Stone Soup version 0.23.0 (webtiles) character file.

Game seed: 13973456429547659697

980 night the Martial Artist (level 7, -7/52 HPs)
             Began as a Demonspawn Monk on Feb 9, 2019.
             Was a Follower of Ru.
             Mangled by an orc warrior
             ... wielding a +0 short sword
              (14 damage)
             ... on level 6 of the Dungeon.
             The game lasted 00:15:49 (3815 turns).

night the Martial Artist (Demonspawn Monk)          Turns: 3815, Time: 00:15:49

Health: -7/52      AC: 11    Str: 14    XL:     7   Next: 96%
Magic:  7/7        EV: 10    Int: 11    God:    Ru [*.....]
Gold:   253        SH:  0    Dex: 15    Spells: 6/6 levels left

rFire    . . .     SeeInvis .     - Unarmed
rCold    . . .     Gourm    .   (no shield)
rNeg     + . .     Faith    .   v - +0 scale mail
rPois    .         Spirit   .   (no helmet)
rElec    .         Reflect  .   q - +0 cloak
rCorr    .         Harm     .   A - +0 pair of gloves
MR       .....                  m - +2 pair of boots
Stlth    ++........             c - amulet of regeneration
HPRegen  0.57/turn              z - ring of positive energy
MPRegen  0.10/turn              j - ring of stealth

@: about to teleport, no potions
A: talons 2, powered by death 1, inability to drink while threatened
a: Renounce Religion


You were on level 6 of the Dungeon.
You worshipped Ru.
Ru was aware of your devotion.
You were not hungry.

You visited 2 branches of the dungeon, and saw 7 of its levels.

You collected 253 gold pieces.

Inventory:

Hand Weapons
 p - a +0 blowgun
 u - a +0 hunting sling
 B - a +0 shortbow of freezing
Missiles
 e - 38 sling bullets
 f - 212 stones (quivered)
 k - 113 arrows
 l - 20 poisoned needles
Armour
 m - a +2 pair of boots (worn)
 q - a +0 cloak (worn)
 v - a +0 scale mail (worn)
 A - a +0 pair of gloves (worn)
Jewellery
 c - an amulet of regeneration (around neck)
 j - a ring of stealth (right hand)
 y - an uncursed ring of magical power
 z - a ring of positive energy (left hand)
Wands
 x - a wand of iceblast (5)
Scrolls
 d - 3 scrolls of enchant armour
 h - 4 scrolls of identify
 s - a scroll of teleportation
 t - a scroll of noise {unknown}
 C - a scroll of brand weapon {unknown}
Potions
 g - 2 potions of invisibility
 i - 3 potions of magic {unknown}
 n - a potion of might {unknown}
 o - 5 potions of curing {unknown}
 r - a potion of heal wounds {unknown}
 w - 2 potions of brilliance {unknown}
Comestibles
 a - 4 chunks of flesh
 b - 15 rations


   Skills:
 + Level 3.2 Fighting
 + Level 0.8 Armour
 + Level 2.9 Dodging
 - Level 1.7 Stealth
 + Level 8.6 Unarmed Combat


You had 6 spell levels left.
You didn't know any spells.
Your spell library was empty.

Dungeon Overview and Level Annotations

Branches:
Dungeon (6/15)             Temple (1/1) D:4

Altars:
Ashenzari
Cheibriados
Dithmenos
Elyvilon
Fedhas
Gozag
Hepliaklqana
Makhleb
Ru
Uskayaw
Vehumet
Xom
Yredelemnul
Zin
The Shining One

Shops:
D:4 }


Innate Abilities, Weirdness & Mutations

You have razor-sharp toenails.
You regenerate a little health from kills.
You cannot drink potions while threatened.


Message History

The orc warrior hits you but does no damage.
You hit the orc warrior but do no damage.
The orc warrior is severely wounded.
The orc warrior hits you but does no damage.
You hit the orc warrior but do no damage.
The orc warrior is severely wounded.
The orc warrior hits you with a +0 short sword!
* * * LOW HITPOINT WARNING * * *
You barely miss the orc warrior. You punch the orc warrior.
The orc warrior is severely wounded.
An orc comes into view. It is wielding a +0 flail.
The orc warrior hits you with a +0 short sword!
* * * LOW HITPOINT WARNING * * *
You closely miss the orc warrior.
The orc warrior is severely wounded.
You cannot drink potions in your current state!
As you read the scroll labeled YCLIZI BELEJO, it crumbles to dust.
You feel strangely unstable.
It was a scroll of teleportation.
The orc warrior hits you with a +0 short sword!
You die...

.####.# .# ......##
#.. #.###..## #.#
#.###...## #.#
#.##.###[####.##
#....# #>......####.
####.###.##.......).
#
##...####...####..#.#
##[## ##...@oooo..#
#.# #.######.### #.#
#.# #)# #.. #.# ###
#.# #.# ..# ###


You could see an orc warrior and 3 orcs.

Vanquished Creatures
  2 ice beasts (D:5)
  A centaur (D:5)
  A crocodile (D:5)
  A bullfrog zombie (D:5)
  A jelly (D:4)
  2 orc priests
  A hound (D:4)
  2 iguanas (D:4)
  7 orc wizards
  2 worker ants
  7 adders
  3 oozes
  2 adder skeletons
  A dart slug (D:4)
  2 leopard geckos
  30 orcs
  3 bats (D:1)
  6 giant cockroaches
  9 goblins
  7 hobgoblins
  10 jackals
  4 quokkas
  A ball python (D:1)
  3 frilled lizards
  4 kobolds
  A leopard gecko skeleton (D:4)
  A quokka skeleton (D:6)
  9 rats
123 creatures vanquished.

Notes
Turn   | Place    | Note
-------+----------+-------------------------------------------
     0 | D:1      | night the Demonspawn Monk began the quest for the Orb.
     0 | D:1      | Reached XP level 1. HP: 18/18 MP: 1/1
    66 | D:1      | Reached skill level 3 in Unarmed Combat
   166 | D:1      | Gained mutation: You regenerate a little health from kills.
                  | [demonic ancestry]
   166 | D:1      | Reached XP level 2. HP: 24/24 MP: 2/2
   525 | D:2      | Gained mutation: You have sharp toenails. [demonic
                  | ancestry]
   525 | D:2      | Reached XP level 3. HP: 27/29 MP: 3/3
   557 | D:2      | Found an opulent altar of Gozag.
   656 | D:2      | Reached skill level 4 in Unarmed Combat
   695 | D:2      | Found a faded altar of an unknown god.
  1120 | D:3      | Reached XP level 4. HP: 35/35 MP: 4/4
  1204 | D:3      | Found a sacrificial altar of Ru.
  1407 | D:3      | Reached skill level 5 in Unarmed Combat
  1655 | D:3      | Reached XP level 5. HP: 41/41 MP: 5/5
  1716 | D:3      | Found a glowing golden altar of the Shining One.
  2088 | D:3      | Became a worshipper of Ru the Awakened
  2091 | D:3      | Gained mutation: You cannot drink potions while threatened.
                  | [Ru sacrifice]
  2091 | D:3      | Reached * piety under Ru
  2204 | D:4      | Reached skill level 6 in Unarmed Combat
  2276 | D:4      | Reached XP level 6. HP: 23/47 MP: 6/6
  2325 | D:4      | Found Dedani's Gadget Emporium.
  2351 | D:4      | Found a staircase to the Ecumenical Temple.
  2396 | Temple   | Entered the Ecumenical Temple
  2870 | D:5      | Entered Level 5 of the Dungeon
  2897 | D:5      | Reached skill level 7 in Unarmed Combat
  2925 | D:5      | Gained mutation: You have razor-sharp toenails. [demonic
                  | ancestry]
  2925 | D:5      | Reached XP level 7. HP: 52/52 MP: 7/7
  3082 | D:5      | Reached skill level 8 in Unarmed Combat
  3156 | D:5      | Found a blossoming altar of Fedhas.
  3553 | D:5      | Found a glowing golden altar of the Shining One.
  3554 | D:5      | Found a glowing silver altar of Zin.
  3555 | D:5      | Found a white marble altar of Elyvilon.
  3815 | D:6      | Mangled by an orc warrior

Skill      XL: |  1  2  3  4  5  6  7 |
---------------+----------------------+-----
Unarmed Combat | 3 4 5 6 7 8 |  8.6
Fighting       | |  3.2
Armour         | |  0.8
Dodging        | |  2.9
Stealth        | |  1.7

Action                   |  1- 3 |  4- 6 |  7- 9 || total
-------------------------+-------+-------+-------++-------
Melee: Unarmed           |   155 |   291 |   157 ||   603
       Punch             |     4 |    10 |     2 ||    16
Throw: Stone             |       |     2 |       ||     2
Invok: Sacrifice Drink   |       |     1 |       ||     1
       Reject Sacrifices |       |       |     1 ||     1
  Use: Scroll            |     3 |       |     1 ||     4
 Stab: Sleeping          |     1 |       |       ||     1
  Eat: Chunk             |     1 |     6 |     3 ||    10
Armor: Robe              |    47 |    36 |       ||    83
       Scale mail        |       |    85 |    53 ||   138
Dodge: Dodged            |   106 |   140 |    56 ||   302
